 Dungeon Crawl Stone Soup version 0.27-a0-668-gb5737ff2c0 (webtiles) character file.

Game seed: 733358114269347912

51 rageheart7 the Conjurer (level 3, -1/22 HPs)
             Began as an Octopode Conjurer on Mar 17, 2021.
             Slain by Sigmund
             ... wielding a +2 scythe of protection
              (15 damage)
             ... on level 2 of the Dungeon.
             The game lasted 00:02:41 (1980 turns).

rageheart7 the Conjurer (Octopode Conjurer)         Turns: 1980, Time: 00:02:42

Health: -1/22      AC:  1    Str:  6    XL:     3   Next: 83%
Magic:  6/6        EV: 13    Int: 21    God:
Gold:   98         SH:  0    Dex: 10    Spells: 5/6 levels left

rFire    . . .     SeeInvis .   e - +0 dagger (venom)
rCold    . . .     Faith    .   (no shield)
rNeg     . . .     Spirit   .   (helmet restricted)
rPois    .         Reflect  .   (no amulet)
rElec    .         Harm     .   (no ring)
rCorr    .         Rampage  .   (no ring)
Will     .....                  (no ring)
Stlth    +++.......             (no ring)
HPRegen  0.07/turn              (no ring)
MPRegen  0.10/turn              (no ring)
                                (no ring)
                                (no ring)

@: no status effects
A: almost no armour, amphibious, 8 rings, camouflage 1, gelatinous body 1,
nimble swimmer 1, tentacles
a: no special abilities


You were on level 2 of the Dungeon.
You visited 1 branch of the dungeon, and saw 2 of its levels.

You collected 98 gold pieces.

Inventory:

Hand Weapons
 e - a +0 dagger of venom (weapon)
Scrolls
 a - a scroll of identify
 c - a scroll of brand weapon {unknown}
Potions
 b - 2 potions of curing {unknown}
 d - a potion of might


   Skills:
 * Level 0.9 Fighting
 + Level 2.1 Dodging
 - Level 2.6 Stealth
 * Level 2.1 Spellcasting
 * Level 5.1 Conjurations


You had 5 spell levels left.
You knew the following spells:

 Your Spells              Type           Power      Damage    Failure   Level
a - Magic Dart            Conj           92%        1d7       1%          1

Your spell library contained the following spells:

 Spells                   Type           Power      Damage    Failure   Level
 Searing Ray              Conj           46%        3d4       2%          2
 Dazzling Flash           Conj/Hex       24%        N/A       16%         3
 Fulminant Prism          Conj/Hex       6%         3d7       45%         4
 Iskenderun's Mystic Bla  Conj/Tloc      12%        2d5       45%         4


Dungeon Overview and Level Annotations

Branches:
Dungeon (2/15)

Altars:
Fedhas

Shops:
D:2 [

Annotations:
D:2 Sigmund


Innate Abilities, Weirdness & Mutations

You cannot wear most types of armour.
You are amphibious.
You can wear up to eight rings at the same time.
Your skin changes colour to match your surroundings (Stealth+).
Your rubbery body absorbs attacks. (AC +1, EV +1)
You are stealthy while swimming. (Stealth+)
You have tentacles for arms and can constrict up to eight enemies at once.


Message History

You swing at nothing.
You swing at nothing.
You swing at nothing.
Things that are here:
a giant cockroach corpse; a giant cockroach corpse; a giant cockroach corpse
There is a stone staircase leading down here.
A giant cockroach is nearby!
A giant cockroach is nearby!
A giant cockroach is nearby!
You see here a red potion.
You see here 12 poisoned darts.
The helpless giant cockroach fails to defend itself.
You puncture the giant cockroach!
You kill the giant cockroach!
You see here a +0 dagger.
The helpless giant cockroach fails to defend itself.
You hit the giant cockroach.
The giant cockroach is poisoned.
Your grab misses the giant cockroach.
The giant cockroach is almost dead.
You kill the giant cockroach!
No target in view!
b - 2 red potions (gained 1)
c - a scroll labelled QICYLO ETZIOTH You see here 12 poisoned darts.
You see here a +0 dagger.
You see here a giant cockroach corpse.
Sigmund the Dreaded comes into view.
He is wielding a +2 scythe of protection.
Sigmund is nearby!
Sigmund shouts!
Sigmund hits you with a +2 scythe of protection!
You hit Sigmund.
Sigmund is poisoned.
You grab Sigmund.
Sigmund is lightly wounded.
You constrict Sigmund, but do no damage.
Sigmund barely misses you.
You hit Sigmund but do no damage.
Sigmund is lightly wounded.
You constrict Sigmund, but do no damage.
Sigmund hits you with a +2 scythe of protection!
Ouch! That really hurt!
You die...

#.
#...#######
##
#...@@...##
.#
#..#####..#
.# # ####.#
.# ##...†##
.####
#.##..)...##
...<#
#.#..(.....#
#####
#.#........#
#.#........#
#.#........#


You could see Sigmund (very poisoned).

Vanquished Creatures
  An ooze (D:1)
  2 dart slugs (D:1)
  A leopard gecko (D:1)
  5 bats
  11 giant cockroaches
  5 hobgoblins (D:1)
  5 kobolds
  3 goblins
  4 rats (D:1)
37 creatures vanquished.

Notes
Turn   | Place    | Note
-------+----------+-------------------------------------------
     0 | D:1      | rageheart7 the Octopode Conjurer began the quest for the
                  | Orb.
     0 | D:1      | Reached XP level 1. HP: 11/11 MP: 3/3
   238 | D:1      | Reached XP level 2. HP: 6/17 MP: 0/5
   994 | D:1      | Reached XP level 3. HP: 22/22 MP: 6/6
  1034 | D:1      | You fall into a shaft and drop 1 floor!
  1634 | D:2      | Found Umubic's Antique Armour Shop.
  1741 | D:2      | Found a blossoming altar of Fedhas.
  1927 | D:2      | Reached skill level 5 in Conjurations
  1975 | D:2      | Noticed Sigmund
  1980 | D:2      | Slain by Sigmund

Illustrated notes

Levels and vault maps discovered:
D:1:      dpeg_arrival_boxes_within_box, layout_basic, hex_intersection,
          minivault_27
D:2:      minmay_roachtagon, layout_basic, old_standard_altar,
          marbit_many_paths, okawaru_ov_weapons_minmay, serial_shops,
          nicolae_shop_crystal, minmay_misc_feat_five, uniq_sigmund

Skill      XL: |  1  2  3 |
---------------+----------+-----
Conjurations   | 5 |  5.1
Fighting       | |  0.9
Dodging        | |  2.1
Stealth        | |  2.6
Spellcasting   | |  2.1

Action                   || total
-------------------------++-------
Melee: Unarmed           ||    17
       Constrict         ||    19
       Tentacles         ||     7
       Short sword       ||    19
       Dagger            ||    35
 Cast: Magic Dart        ||    16
  Use: Scroll            ||     3
 Stab: Sleeping          ||    12
Armor: Skin              ||     4
Dodge: Dodged            ||    48

Table legend: (Time is in decaauts)
 A = Elapsed time spent in this place.
 B = Non-inter-level travel time spent in this place.
 C = Inter-level travel time spent in this place.
 D = Time resting spent in this place.
 E = Time spent auto-exploring this place.
 F = Levels seen in this place.
 G = Mean time per level.
                   A        B        C        D        E       F      G
               +--------+--------+--------+--------+--------+-----+--------+
         Total |   1981 |   1970 |     11 |    538 |   1167 |   2 |  990.5 |
       Dungeon |   1981 |   1970 |     11 |    538 |   1167 |   2 |  990.5 |
               +--------+--------+--------+--------+--------+-----+--------+

Top non-repeatable levels by time:
     D:1: 1470 daAuts
     D:2: 511 daAuts
